NCAA
RUTGERS SCARLET KNIGHTS @ MICHIGAN STATE SPARTANS
04/28/2025
 
TOP OF THE 1ST
Rutgers Scarlet Knights batting - Pitching for Michigan State Spartans : LHP Jeff Sandusky
Pitching: LHP Jeff Sandusky
Batting: SHB Woody Stanley 0-0: Ball
1-0: Called Strike
1-1: Foul Ball, location: 2F
1-2: Ground out U3 (Groundball, 3S)
Batting: LHB Zach Baxter 0-0: Called Strike
0-1: Foul Ball, location: 2F
0-2: Strikes out swinging
Batting: RHB Steve West 0-0: Foul Ball, location: 2F
0-1: Swinging Strike
0-2: Strikes out looking
Top of the 1st over - 0 run(s), 0 hit(s), 0 error(s), 0 left on base; Rutgers 0 - Michigan State 0
BOTTOM OF THE 1ST
Michigan State Spartans batting - Pitching for Rutgers Scarlet Knights : RHP Geoff Jones
Pitching: RHP Geoff Jones
Batting: RHB Jorge Carranza 0-0: Ball
1-0: Called Strike
1-1: SINGLE (Flyball, 6MD)
Batting: LHB Troy Jackson 0-0: Ball
1-0: Called Strike
1-1: Ball
2-1: Foul Ball, location: 2F
2-2: SINGLE (Groundball, 4MD)
Jorge Carranza to second
Batting: LHB Cliff Mills 0-0: Grounds into double play, 6-4-3 (Groundball, 6)
Jorge Carranza to third
Batting: RHB Andrew Holmes 0-0: Ball
1-0: Swinging Strike
1-1: Ball
2-1: Ball
3-1: Foul Ball, location: 2F
3-2: Foul Ball, location: 2F
3-2: Foul Ball, location: 2F
3-2: Base on Balls
Batting: RHB Ryan Miller 0-0: Ball
1-0: SINGLE (Groundball, 6MD)
Jorge Carranza scores
Andrew Holmes to second
Batting: RHB Arthur Hopkins 0-0: Ball
1-0: Swinging Strike
1-1: Ground out U3 (Groundball, 3)
Bottom of the 1st over - 1 run(s), 3 hit(s), 0 error(s), 2 left on base; Rutgers 0 - Michigan State 1
TOP OF THE 2ND
Rutgers Scarlet Knights batting - Pitching for Michigan State Spartans : LHP Jeff Sandusky
Batting: RHB Ed Keesee 0-0: Called Strike
0-1: Ground out 5-3 (Groundball, 5)
Batting: SHB Júlio Ayala 0-0: Called Strike
0-1: Ball
1-1: Ball
2-1: Called Strike
2-2: Strikes out looking
Batting: RHB Manuel Reyes 0-0: DOUBLE (Groundball, 5L)
Batting: LHB Todd Sexton 0-0: Ball
1-0: Ground out 4-3 (Groundball, 4)
Top of the 2nd over - 0 run(s), 1 hit(s), 0 error(s), 1 left on base; Rutgers 0 - Michigan State 1
BOTTOM OF THE 2ND
Michigan State Spartans batting - Pitching for Rutgers Scarlet Knights : RHP Geoff Jones
Batting: RHB Herman O'Gleason 0-0: Called Strike
0-1: Foul Ball, location: 2F
0-2: Strikes out swinging
Batting: RHB Nick Whitehead 0-0: SINGLE (Groundball, 56D)
Batting: RHB Clinton Cook 0-0: SINGLE (Groundball, 56D)
Nick Whitehead to second
Batting: RHB Jorge Carranza 0-0: Fly out, F8 (Flyball, 89M)
Batting: LHB Troy Jackson 0-0: Called Strike
0-1: Swinging Strike
0-2: Ball
1-2: Ball
2-2: Foul Ball, location: 2F
2-2: Foul Ball, location: 2F
2-2: Fly out, F8 (Flyball, 8LM)
Bottom of the 2nd over - 0 run(s), 2 hit(s), 0 error(s), 2 left on base; Rutgers 0 - Michigan State 1
TOP OF THE 3RD
Rutgers Scarlet Knights batting - Pitching for Michigan State Spartans : LHP Jeff Sandusky
Batting: RHB Martín Campos 0-0: Ball
1-0: Ball
2-0: Ball
3-0: Foul Ball, location: 2F
3-1: Called Strike
3-2: Foul Ball, location: 2F
3-2: Base on Balls
Batting: LHB Ismael Rodríguez 0-0: Ground out 3-1 (Groundball, 34)
Martín Campos to second
Batting: SHB Woody Stanley 0-0: Foul Ball, location: 2F
0-1: Ground out 6-3 (Groundball, 6)
Batting: LHB Zach Baxter 0-0: Ball
1-0: Swinging Strike
1-1: Foul Ball, location: 2F
1-2: Ball
2-2: Foul Ball, location: 2F
2-2: Ball
3-2: Strikes out swinging
Top of the 3rd over - 0 run(s), 0 hit(s), 0 error(s), 1 left on base; Rutgers 0 - Michigan State 1
BOTTOM OF THE 3RD
Michigan State Spartans batting - Pitching for Rutgers Scarlet Knights : RHP Geoff Jones
Batting: LHB Cliff Mills 0-0: Ground out 4-3 (Groundball, 4)
Batting: RHB Andrew Holmes 0-0: Called Strike
0-1: Ball
1-1: Ground out 5-3 (Groundball, 5)
Batting: RHB Ryan Miller 0-0: Ball
1-0: Called Strike
1-1: Foul Ball, location: 2F
1-2: Strikes out swinging
Bottom of the 3rd over - 0 run(s), 0 hit(s), 0 error(s), 0 left on base; Rutgers 0 - Michigan State 1
TOP OF THE 4TH
Rutgers Scarlet Knights batting - Pitching for Michigan State Spartans : LHP Jeff Sandusky
Batting: RHB Steve West 0-0: Ball
1-0: Ball
2-0: Ball
3-0: Called Strike
3-1: Base on Balls
Batting: RHB Ed Keesee 0-0: Ball
1-0: Grounds into double play, 5-4-3 (Groundball, 5L)
Batting: SHB Júlio Ayala 0-0: Called Strike
0-1: Swinging Strike
0-2: Ball
1-2: Ball
2-2: Strikes out looking
Top of the 4th over - 0 run(s), 0 hit(s), 0 error(s), 0 left on base; Rutgers 0 - Michigan State 1
BOTTOM OF THE 4TH
Michigan State Spartans batting - Pitching for Rutgers Scarlet Knights : RHP Geoff Jones
Batting: RHB Arthur Hopkins 0-0: Called Strike
0-1: SINGLE (Line Drive, 89S)
Batting: RHB Herman O'Gleason 0-0: Ball
1-0: Called Strike
1-1: Foul Ball, location: 2F
1-2: Foul Ball, location: 2F
1-2: Strikes out swinging
Batting: RHB Nick Whitehead 0-0: Called Strike
0-1: Ball
1-1: Ball
2-1: Ball
3-1: Fly out, F5 (Line Drive, 56)
Batting: RHB Clinton Cook 0-0: Ball
1-0: Called Strike
1-1: Swinging Strike
1-2: Strikes out swinging
Bottom of the 4th over - 0 run(s), 1 hit(s), 0 error(s), 1 left on base; Rutgers 0 - Michigan State 1
TOP OF THE 5TH
Rutgers Scarlet Knights batting - Pitching for Michigan State Spartans : LHP Jeff Sandusky
Batting: RHB Manuel Reyes 0-0: Foul Ball, location: 2F
0-1: Ball
1-1: Foul Ball, location: 2F
1-2: Ball
2-2: Ball
3-2: Foul Ball, location: 2F
3-2: Strikes out swinging
Batting: LHB Todd Sexton 0-0: Called Strike
0-1: Fly out, F7 (Flyball, 78M)
Batting: RHB Martín Campos 0-0: Swinging Strike
0-1: Fly out, F3 (Popup, 34D)
Top of the 5th over - 0 run(s), 0 hit(s), 0 error(s), 0 left on base; Rutgers 0 - Michigan State 1
BOTTOM OF THE 5TH
Michigan State Spartans batting - Pitching for Rutgers Scarlet Knights : RHP Geoff Jones
Batting: RHB Jorge Carranza 0-0: Ball
1-0: Fly out, F9 (Flyball, 9M)
Batting: LHB Troy Jackson 0-0: Bunt for hit - play at first, batter safe!
Batting: LHB Cliff Mills 0-0: Ball
1-0: Called Strike
1-1: Swinging Strike
1-2: Foul Ball, location: 2F
1-2: Fly out, F8 (Flyball, 8LM)
Batting: RHB Andrew Holmes 0-0: Ball
1-0: Swinging Strike
1-1: Ball
2-1: Ball
3-1: Base on Balls
Troy Jackson to second
Batting: RHB Ryan Miller 0-0: Ball
1-0: Called Strike
1-1: Ball
2-1: Ball
3-1: Base on Balls
Troy Jackson to third
Andrew Holmes to second
Batting: RHB Arthur Hopkins 0-0: Called Strike
0-1: Fly out, F6 (Popup, 6)
Bottom of the 5th over - 0 run(s), 1 hit(s), 0 error(s), 3 left on base; Rutgers 0 - Michigan State 1
TOP OF THE 6TH
Rutgers Scarlet Knights batting - Pitching for Michigan State Spartans : LHP Jeff Sandusky
Batting: LHB Ismael Rodríguez 0-0: Foul Ball, location: 2F
0-1: Swinging Strike
0-2: Foul Ball, location: 2F
0-2: Strikes out swinging
Batting: SHB Woody Stanley 0-0: Ball
1-0: Called Strike
1-1: Swinging Strike
1-2: Ball
2-2: Foul Ball, location: 2F
2-2: Strikes out swinging
Batting: LHB Zach Baxter 0-0: Called Strike
0-1: Ball
1-1: Ball
2-1: Ball
3-1: Foul Ball, location: 2F
3-2: Strikes out swinging
Top of the 6th over - 0 run(s), 0 hit(s), 0 error(s), 0 left on base; Rutgers 0 - Michigan State 1
BOTTOM OF THE 6TH
Michigan State Spartans batting - Pitching for Rutgers Scarlet Knights : RHP Geoff Jones
Batting: RHB Herman O'Gleason 0-0: Ball
1-0: Foul Ball, location: 2F
1-1: Ball
2-1: Called Strike
2-2: Foul Ball, location: 2F
2-2: Reached on error, E4 (Groundball, 4S)
Pitching: LHP Rubén De La Garza
Batting: RHB Nick Whitehead 0-0: Ball
Herman O'Gleason is caught stealing 3rd base
1-0: Ball
2-0: Ball
3-0: Base on Balls
Batting: RHB Clinton Cook 0-0: Ball
1-0: Ball
2-0: SINGLE (Popup, 6MD)
Nick Whitehead to second
Batting: RHB Jorge Carranza 0-0: Called Strike
0-1: Ball
1-1: Fly out, F8 (Flyball, 8LM)
Batting: LHB Troy Jackson 0-0: Called Strike
0-1: Ground out 6-3 (Groundball, 6)
Bottom of the 6th over - 0 run(s), 1 hit(s), 1 error(s), 2 left on base; Rutgers 0 - Michigan State 1
TOP OF THE 7TH
Rutgers Scarlet Knights batting - Pitching for Michigan State Spartans : LHP Jeff Sandusky
Batting: RHB Steve West 0-0: Foul Ball, location: 2F
0-1: Foul Ball, location: 2F
0-2: Ball
1-2: Ball
2-2: Ball
3-2: Strikes out swinging
Pitching: RHP Darren Payne
Batting: RHB Ed Keesee 0-0: Called Strike
0-1: Ground out 5-3 (Groundball, 5)
Batting: SHB Júlio Ayala 0-0: Ball
1-0: Called Strike
1-1: Ball
2-1: Ball
3-1: Foul Ball, location: 2F
3-2: Foul Ball, location: 2F
3-2: Foul Ball, location: 2F
3-2: Foul Ball, location: 2F
3-2: Base on Balls
Batting: RHB Manuel Reyes 0-0: Ball
Júlio Ayala is caught stealing 2nd base
Top of the 7th over - 0 run(s), 0 hit(s), 0 error(s), 0 left on base; Rutgers 0 - Michigan State 1
BOTTOM OF THE 7TH
Michigan State Spartans batting - Pitching for Rutgers Scarlet Knights : LHP Rubén De La Garza
Batting: LHB Cliff Mills 0-0: Foul Ball, location: 2F
0-1: Called Strike
0-2: Ball
1-2: Ground out 6-3 (Groundball, 6M)
Batting: RHB Andrew Holmes 0-0: Ball
1-0: Ball
2-0: Ball
3-0: Called Strike
3-1: Ground out 6-3 (Groundball, 6)
Batting: RHB Ryan Miller 0-0: Ball
1-0: Ball
Error on foul ball, E9
2-1: Ball
3-1: SINGLE (Line Drive, 6D)
Batting: RHB Arthur Hopkins 0-0: Fielders Choice at 2nd, 5-4 (Groundball, 56)
Bottom of the 7th over - 0 run(s), 1 hit(s), 1 error(s), 0 left on base; Rutgers 0 - Michigan State 1
TOP OF THE 8TH
Rutgers Scarlet Knights batting - Pitching for Michigan State Spartans : RHP Darren Payne
Pitching: RHP Nicholas Becker
Now at C: José Arce
Batting: RHB Manuel Reyes 0-0: Ball
1-0: Called Strike
1-1: Ball
2-1: Ball
3-1: Swinging Strike
3-2: Strikes out looking
Pitching: RHP Rory Walker
Batting: LHB Todd Sexton 0-0: Ball
1-0: Called Strike
1-1: Fly out, F9 (Flyball, 9M)
Batting: RHB Martín Campos 0-0: Called Strike
0-1: Swinging Strike
0-2: DOUBLE (Line Drive, 7LD)
Pitching: LHP Ricardo García
Pinch Hitting: RHB Ben White 0-0: Ball
1-0: Called Strike
1-1: Ball
2-1: Ball
3-1: Base on Balls
Pinch Runner at 2nd Frank Morris:
Batting: SHB Woody Stanley 0-0: Called Strike
0-1: Swinging Strike
0-2: Ball
1-2: Ball
2-2: Strikes out swinging
Top of the 8th over - 0 run(s), 1 hit(s), 0 error(s), 2 left on base; Rutgers 0 - Michigan State 1
BOTTOM OF THE 8TH
Michigan State Spartans batting - Pitching for Rutgers Scarlet Knights : LHP Rubén De La Garza
Pitching: RHP Doug Scott
Now at 1B: Frank Morris
Now in CF: Bill Shaffer
Batting: RHB Herman O'Gleason 0-0: Called Strike
0-1: Foul Ball, location: 2F
0-2: Strikes out looking
Batting: RHB Nick Whitehead 0-0: Called Strike
0-1: Swinging Strike
0-2: Foul Ball, location: 2F
0-2: Ball
1-2: Ball
2-2: Foul Ball, location: 2F
2-2: Ball
3-2: Foul Ball, location: 2F
3-2: Foul Ball, location: 2F
3-2: Strikes out looking
Batting: RHB Clinton Cook 0-0: Called Strike
0-1: Called Strike
0-2: Foul Ball, location: 2F
0-2: Strikes out swinging
Bottom of the 8th over - 0 run(s), 0 hit(s), 0 error(s), 0 left on base; Rutgers 0 - Michigan State 1
TOP OF THE 9TH
Rutgers Scarlet Knights batting - Pitching for Michigan State Spartans : LHP Ricardo García
Pitching: LHP Carlos Martínez
Batting: LHB Zach Baxter 0-0: Foul Ball, location: 2F
0-1: Called Strike
0-2: Ball
1-2: Ball
2-2: Ball
3-2: Foul Ball, location: 2F
3-2: Foul Ball, location: 2F
3-2: Base on Balls
Batting: RHB Steve West 0-0: Foul Ball, location: 2F
0-1: Called Strike
0-2: Ball
1-2: 2-RUN HOME RUN (Flyball, 78XD), Distance : 386 ft
Batting: RHB Ed Keesee 0-0: Foul Ball, location: 2F
0-1: Called Strike
0-2: SINGLE (Groundball, 4D)
Batting: SHB Júlio Ayala 0-0: Ball
1-0: Called Strike
1-1: Swinging Strike
1-2: SINGLE (Line Drive, 78M)
Ed Keesee to second
Batting: RHB Manuel Reyes 0-0: Ball
1-0: Ball
2-0: Ball
3-0: Base on Balls
Ed Keesee to third
Júlio Ayala to second
Batting: LHB Todd Sexton 0-0: Called Strike
0-1: Ball
1-1: Grounds into double play, 6-2-3 (Groundball, 6)
Júlio Ayala to third
Manuel Reyes to second
Batting: RHB Frank Morris 0-0: Ball
1-0: Ball
Passed Ball!
Júlio Ayala scores
Manuel Reyes to third
2-0: Ball
Wild Pitch!
Manuel Reyes scores
3-0: Called Strike
3-1: Base on Balls
Pitching: RHP Jesús Fabián
Batting: RHB Bill Shaffer 0-0: Fly out, F6 (Line Drive, 6)
Top of the 9th over - 4 run(s), 3 hit(s), 0 error(s), 1 left on base; Rutgers 4 - Michigan State 1
BOTTOM OF THE 9TH
Michigan State Spartans batting - Pitching for Rutgers Scarlet Knights : RHP Doug Scott
Pitching: RHP Dominic Scott
Batting: RHB Jorge Carranza 0-0: Foul Ball, location: 2F
0-1: Ball
1-1: Ball
2-1: Ground out 1-3 (Groundball, 13S)
Batting: LHB Troy Jackson 0-0: Foul Ball, location: 2F
0-1: Ball
1-1: Ball
2-1: Swinging Strike
2-2: Strikes out swinging
Batting: LHB Cliff Mills 0-0: Called Strike
0-1: Foul Ball, location: 2F
0-2: Ball
1-2: Foul Ball, location: 2F
1-2: Fly out, F7 (Flyball, 7M)
Bottom of the 9th over - 0 run(s), 0 hit(s), 0 error(s), 0 left on base; Rutgers 4 - Michigan State 1
This league is powered by Out of the Park Baseball, the baseball management simulation game for PC, Mac and Linux
Tuesday, August 2nd, 2016 - OOTP Baseball 16.8 Build 38